AoeStats
← Killerqueen

Arena

510175229Analyzed
2v2 RM · 2d ago on Sep 29, 2026· 26m 45s· 4 players
Game mode
Random Map
Map size
Medium (4 player)
Population
200
Speed
Normal
Resources
Standard
Victory
Conquest
Starting age
Dark Age
Ending age
Imperial Age
RankedLock teamsTeams togetherTeam positionsShared explorationLock speedFull tech treeHidden civsTurbo modeCheats
Victory
Defeat
🇫🇮 Teutons · Finland
1467
+14
🇫🇮 Cumans · Finland
1464
+14
🇺🇸 Britons · United States
1466
-15
🇦🇹 Wei · Austria
1395
-13
Killerqueen
10:11 Feudal Age
10:45 Stone Mining
11:42 Loom
12:00 Double-Bit Axe
13:13 Horse Collar
21:07 Castle Age
23:58 Pikeman
Agarrett
6:50 Loom
7:10 Loom
9:20 Feudal Age
9:59 Double-Bit Axe
16:40 Castle Age
14:51 Stone Mining
15:13 Horse Collar
20:20 Bow Saw
24:46 Fletching
25:31 Gold Mining
tiksa
8:37 Feudal Age
9:23 Double-Bit Axe
9:20 Horse Collar
19:49 Castle Age
18:54 Wheelbarrow
19:07 Bloodlines
19:04 Scale Barding Armor
20:25 Forging
20:57 Chain Barding Armor
Genitaali
8:33 Feudal Age
8:23 Loom
10:14 Double-Bit Axe
10:42 Fletching
16:04 Town Watch
21:55 Wheelbarrow
25:34 Castle Age
23:45 Horse Collar
23:59 Gold Mining
24:10 Stone Mining
25:46 Gold Mining
26:31 Bow Saw
26:25 Heavy Plow
Connection lost

Rejoining the realm…

Still unreachable

The connection could not be restored.

Session expired

The server has moved on; the page needs a fresh start.